 Dungeon Crawl Stone Soup version 0.31-a0-716-gc7603755dd (webtiles) character file.

Game seed: 6764144207967144558

41228 Xavori the Unseen (level 14, -13/94 HPs)
             Began as an Octopode Chaos Knight on Sept 10, 2023.
             Was a Plaything of Xom.
             Killed from afar by Azrael (44 damage)
             ... with damnation
             ... on level 1 of the Orcish Mines.
             The game lasted 00:30:19 (28727 turns).

Xavori the Unseen (Octopode Chaos Knight)          Turns: 28727, Time: 00:30:19

Health: -13/94     AC:  3    Str: 14 (15) XL:     14   Next: 14%
Magic:  14/14      EV: 32    Int: 11      God:    Xom [......]
Gold:   1045       SH: 13    Dex: 23      Spells: 13/13 levels left

rFire   . . .        A - +6 falchion "Guiwycah" {flame, rElec rC- Dex+3}
rCold   + . .        E - +0 buckler
rNeg    . . .        (helmet restricted)
rPois   .            k - amulet of reflection
rElec   +            l - ring of protection from cold
rCorr   +            n - ring of resist corrosion
SInv    .            p - +5 ring of evasion
Will    ++...        r - +6 ring of strength
Stlth   ++++++++     R - +5 ring of evasion
HPRegen 0.35/turn    K - ring of wizardry
MPRegen 0.14/turn    M - ring of protection from cold
                     (no ring)

%: reflection, clarity, wizardry (x1)
@: hasted, very quick
A: almost no armour, amphibious, 8 rings, camouflage 1, gelatinous body 1,
(nimble swimmer 1), tentacles, tentacle spike 1, iridescent scales 1, agile 1,
clarity, dopey 1, strong-willed 1, screaming 1, weak 1, wild magic 1
a: Renounce Religion


You were on level 1 of the Orcish Mines.
You worshipped Xom.
You were a very special plaything of Xom.
You visited 3 branches of the dungeon, and saw 19 of its levels.
You also visited: Gauntlet.

You collected 1045 gold pieces.

Inventory:

Hand Weapons
 a - a +0 short sword of chaos
 o - a +1 dagger of venom
 z - a +3 dagger of draining
 A - the +6 falchion "Guiwycah" (weapon) {flame, rElec rC- Dex+3}
   (You found it on level 3 of the Lair of Beasts)

   Dex+3:     It affects your dexterity (+3).
   rC-:       It makes you vulnerable to cold.
   rElec:     It insulates you from electricity.
 B - a +0 short sword of protection
 N - a +0 rapier
Missiles
 u - 4 curare-tipped darts
 J - 3 throwing nets
Armour
 E - a +0 buckler (worn)
Jewellery
 k - an amulet of reflection (around mantle)
 l - a ring of protection from cold (left tentacle)
 n - a ring of resist corrosion (right tentacle)
 p - a +5 ring of evasion (on tentacle)
 r - a +6 ring of strength (on tentacle)
 F - an amulet of guardian spirit
 K - a ring of wizardry (on tentacle)
 M - a ring of protection from cold (on tentacle)
 R - a +5 ring of evasion (on tentacle)
Wands
 f - a wand of polymorph (6)
 q - a wand of flame (28)
 C - a wand of paralysis (7)
 D - a wand of iceblast (9)
 G - a wand of light (6)
Scrolls
 b - a scroll of butterflies
 c - a scroll of immolation
 e - 11 scrolls of teleportation
 i - 2 scrolls of silence
 j - 5 scrolls of enchant armour
 s - a scroll of fog
 t - 3 scrolls of summoning
 w - a scroll of fear
 x - 6 scrolls of enchant weapon
 y - 3 scrolls of vulnerability
 I - 2 scrolls of revelation
 O - a scroll of identify
Potions
 d - a potion of haste
 g - 2 potions of brilliance
 h - 3 potions of lignification
 m - a potion of curing
 v - 3 potions of heal wounds
 H - a potion of might
 L - 3 potions of ambrosia


   Skills:
 + Level 8.2 Fighting
 + Level 10.5 Short Blades
 + Level 1.3(6.7) Long Blades
 + Level 10.9 Dodging
 + Level 15.8 Stealth
 + Level 11.2 Shields
 * Level 9.3 Evocations


You had 13 spell levels left.
You didn't know any spells.
Your spell library contained the following spells:

 Spells                   Type           Power      Damage    Failure   Level
 Necrotise                Necr           0%         1d4       21%         1
 Shock                    Conj/Air       0%         1d3       21%         1
 Sting                    Tmut/Pois      0%         1d3       21%         1
 Poisonous Vapours        Pois/Air       0%         N/A       32%         2
 Static Discharge         Conj/Air       0%         2-2/arc   32%         2
 Dazzling Flash           Conj/Hex       0%         N/A       50%         3
 Summon Guardian Golem    Hex/Summ       0%         N/A       50%         3
 Vampiric Draining        Necr           0%         2d6       50%         3
 Volatile Blastmotes      Fire/Tloc      0%         2d10      50%         3
 Cause Fear               Hex            0%         N/A       86%         4
 Fulminant Prism          Conj/Hex       0%         3d5       86%         4
 Iskenderun's Mystic Bla  Conj/Tloc      0%         2d3       86%         4
 Olgreb's Toxic Radiance  Pois           0%         N/A       86%         4
 Agony                    Necr           0%         N/A       99%         5
 Fireball                 Conj/Fire      0%         3d3       99%         5
 Silence                  Hex/Air        0%         N/A       99%         5
 Summon Forest            Summ/Tloc      0%         N/A       99%         5
 Eringya's Noxious Bog    Tmut/Pois      0%         4d6       100%        6
 Orb of Destruction       Conj           0%         9d5       100%        7
 Spellforged Servitor     Conj/Summ      0%         N/A       100%        7
 Summon Hydra             Summ           0%         N/A       100%        7
 Dragon's Call            Summ           0%         N/A       100%        9


Dungeon Overview and Level Annotations

Branches:
Dungeon (12/15)            Temple (0/1) D:4            Lair (5/5) D:11
  Swamp (0/4) Lair:2        Snake (0/4) Lair:3        Slime (0/5) Lair:4
    Orc (2/2) D:12        Gauntlet (visited)
    Elf: Orc:2

Altars:
Fedhas
Hepliaklqana
Makhleb
Okawaru
Ru
Wu Jian
Xom
Zin
The Shining One
Jiyva

Shops:
D:3 (   D:9 [

Annotations:
D:10 3 runed translucent doors, Aneyh's ghost, novice TeMo
Lair:2 Amaemon
Orc:1 Azrael


Innate Abilities, Weirdness & Mutations

You cannot wear most types of armour.
You are amphibious.
You can wear up to eight rings at the same time.
Your skin changes colour to match your surroundings (Stealth+).
Your rubbery body absorbs attacks. (AC +1, EV +1)
((You are camouflaged when in or above water. (Stealth+)))
You have tentacles for arms and can constrict up to eight enemies at once.
One of your tentacles bears a spike.
You are partially covered in iridescent scales. (AC +2)
You are agile. (Dex +4, Str/Int -1)
You possess an exceptional clarity of mind.
You are dopey. (Int -2)
You are strong-willed. (Will+)
You occasionally shout uncontrollably at your foes.
You are weak. (Str -2)
Your spells are a little harder to cast, but a little more powerful.


Message History

Azrael burns you! The orc completely misses you.
The ogre completely misses you.
You hit Azrael but do no damage.
You pierce Azrael.
Azrael is moderately wounded.
Azrael gestures at you. The bolt of fire misses you.
You block the orc's attack.
You slash Azrael!
You pierce Azrael, but do no damage.
You squeeze Azrael, but do no damage.
Azrael is moderately wounded.
Xom's power touches on a nearby weapon.
The ogre's +0 giant spiked club erupts in a glittering mayhem of colour.
You block the ogre's attack. The orc hits you but does no damage.
Azrael gestures at you. The bolt of fire misses you.
You slash the ogre! You burn the ogre.
The ogre is severely wounded.
You slash the ogre! You burn the ogre.
You kill the ogre!
Azrael completely misses you. The orc completely misses you.
You slash the orc! You burn the orc.
You kill the orc!
You block Azrael's attack.
You hit Azrael.
You pierce Azrael, but do no damage.
Azrael is moderately wounded.
You hit Azrael. You squeeze Azrael!
Azrael is heavily wounded.
Azrael gestures at you.
The sphere of damnation explodes!
The damnation engulfs you!
The damnation engulfs Azrael.
Azrael completely resists.
You slash Azrael!
Azrael is heavily wounded.
Azrael barely misses you.
You slash Azrael! Your squeeze misses Azrael.
Azrael is severely wounded.
You hit Azrael.
Azrael is severely wounded.
Azrael gestures at you.
The sphere of damnation explodes!
The damnation engulfs you!!!
You die...
Xom is highly amused!

#####...........##
##.##.....#.......#
#.........##.....####
#.........#.........##
#.....<..###.........#
#.........###......###
#.#......###......##
#####..........))R.#
#............@[##
#..........#.###
##.........###
##........# ##.#....##
####..## ####


You could see Azrael.

Vanquished Creatures
  Nessos (Lair:4)
  A minotaur (Gauntlet)
  An ettin (D:12)
  A hell beast (Gauntlet)
  A hydra (Lair:3)
  Harold (D:11)
  A death yak (Lair:3)
  5 two-headed ogres
  A deep troll earth mage (D:12)
  Nergalle (D:11)
  A wretched star (Gauntlet)
  An orc sorcerer (Orc:1)
  A cyclops (D:12)
  A manticore (D:9)
  12 elephants
  2 slime creatures (D:12)
  4 black mambas
  A centaur zombie (D:12)
  A water nymph (Lair:2)
  A torpor snail (Lair:2)
  A gargoyle (D:10)
  A rime drake (Gauntlet)
  An orange demon (Lair:3)
  6 cane toads
  An unseen horror (D:11)
  6 komodo dragons
  5 trolls
  2 hornets
  A polar bear (Lair:4)
  5 dream sheep (Lair:3)
  A meliai zombie (D:12)
  3 shadows
  A culicivora (D:11)
  3 wraiths (D:12)
  13 yaks
  2 wyverns
  2 basilisks
  Grum (D:8)
  A wandering mushroom (Lair:2)
  A neqoxec (Gauntlet)
  12 vampire mosquitoes
  4 nagas (Lair:3)
  2 acid dragons
  2 hell hounds
  13 water moccasins
  A sky beast (D:6)
  An ice beast (D:6)
  3 black bears
  A meliai simulacrum (D:12)
  4 orc warriors
  21 wolves
  A boggart (D:12)
  2 ogres
  8 centaurs
  A phantom (D:6)
  2 kobold brigands
  9 bullfrogs
  2 scorpions (D:5)
  A gnoll sergeant (D:12)
  9 wights (D:9)
  5 killer bees (D:10)
  A howler monkey (D:5)
  7 electric eels
  3 jellies
  Crazy Yiuf (D:6)
  A gnoll bouda (D:9)
  A hound (shapeshifter) (D:12)
  8 hounds
  10 orc priests
  A sleepcap (D:5)
  3 iguanas
  10 orc wizards
  3 adders
  7 gnolls
  A shadow imp (D:6)
  A white imp (D:4)
  An ufetubus (D:3)
  2 dart slugs
  2 worms (D:5)
  58 orcs
  5 bats
  8 endoplasms
  5 goblins
  A hobgoblin (D:4)
  9 jackals
  A quokka (D:4)
  A ball python (D:1)
  2 frilled lizards (D:2)
  A goblin skeleton (D:4)
  3 hobgoblin zombies (D:4)
  26 kobolds
  2 kobold skeletons (D:4)
  2 kobold zombies (D:4)
  2 orc zombies (D:4)
  2 rats
  A spectral goblin (D:5)
  A butterfly (Lair:2)
393 creatures vanquished.

Vanquished Creatures (collateral kills)
  A deep elf pyromancer (D:12)
  2 centaur zombies (D:12)
  A gargoyle (D:8)
  A cane toad (Lair:1)
  A shadow (D:12)
  A vampire (D:12)
  2 wraiths (D:12)
  An orc warrior (D:8)
  An ice beast (shapeshifter) (D:12)
  An ice beast (D:7)
  2 wolves
  A centaur (D:12)
  2 kobold brigands
  A wight (D:9)
  A boggart zombie (D:12)
  An orc wizard (D:8)
  2 orcs (D:8)
  5 kobolds (D:9)
27 creatures vanquished.

Vanquished Creatures (others)
  A komodo dragon (Lair:3)
  A dream sheep (Lair:3)
  A shadow (D:10)
  A wyvern (D:9)
  An orc (D:6)
5 creatures vanquished.

Grand Total: 425 creatures vanquished

Notes
Turn   | Place    | Note
-------+----------+-------------------------------------------
     0 | D:1      | Xavori the Octopode Chaos Knight began the quest for the
                  | Orb.
     0 | D:1      | Reached XP level 1. HP: 16/16 MP: 1/1
    48 | D:1      | XOM: silly message
   150 | D:1      | Reached XP level 2. HP: 21/21 MP: 2/2
   897 | D:2      | XOM: scenery: create altars
  1255 | D:1      | XOM is BORED!
  1255 | D:1      | XOM: summons 2 hostile demons
  1256 | D:1      | Noticed a crimson imp
  2261 | D:1      | XOM: god gift: mace {god gift}
  2468 | D:1      | XOM: 3-stop teleportation journey
  4842 | D:1      | XOM: divination: detect creatures
  5426 | D:1      | XOM: silly message
  5461 | D:1      | XOM: god gift: 5 large rocks
  5696 | D:1      | XOM: god gift: silver javelin
  5887 | D:1      | XOM: god gift: 2 dark potions {god gift}
  6440 | D:1      | XOM is BORED!
  6440 | D:1      | XOM: summons 1 hostile demon
  7706 | D:1      | XOM: give mutations
  7706 | D:1      | Gained mutation: You occasionally shout uncontrollably at
                  | your foes. [Xom's mischief]
  7706 | D:1      | Gained mutation: You are vulnerable to cold. (rC-) [Xom's
                  | mischief]
  7706 | D:1      | Gained mutation: You are weak. (Str -2) [Xom's mischief]
  7888 | D:1      | XOM: cloud trail
  8087 | D:1      | XOM: scenery: create altars
  8504 | D:1      | XOM: give mutations
  8504 | D:1      | Gained mutation: One of your tentacles bears a spike.
                  | [Xom's grace]
  8504 | D:1      | Gained mutation: You passively map a small area around you.
                  | [Xom's grace]
  8614 | D:1      | XOM: divination: magic mapping
  8786 | D:1      | XOM: cloud trail
  8810 | D:1      | XOM: give mutations
  8810 | D:1      | Gained mutation: You are strong-willed. (Will+) [Xom's
                  | grace]
  8810 | D:1      | Gained mutation: You are partially covered in large bone
                  | plates. (SH +4) [Xom's grace]
  8810 | D:1      | Gained mutation: You are agile. (Dex +4, Str/Int -1) [Xom's
                  | grace]
  8929 | D:1      | XOM is BORED!
  8929 | D:1      | XOM: summons 2 hostile demons
  8930 | D:1      | Noticed a crimson imp
  9211 | D:2      | Reached skill level 1 in Stealth
  9211 | D:2      | Reached XP level 3. HP: 24/26 MP: 3/3
  9356 | D:2      | XOM: 1-stop teleportation journey
  9447 | D:3      | Found Buzugh's Antique Weapon Shoppe.
  9449 | D:3      | XOM: snakes to sticks
  9565 | D:3      | Found a faded altar of an unknown god.
  9637 | D:3      | Reached skill level 2 in Stealth
  9731 | D:3      | Reached XP level 4. HP: 29/32 MP: 4/4
  9787 | D:3      | XOM: cloud trail
 10164 | D:4      | Found a staircase to the Ecumenical Temple.
 10231 | D:4      | Found a glowing golden altar of the Shining One.
 10245 | D:4      | Reached skill level 3 in Stealth
 10543 | D:4      | Found a burning altar of Makhleb.
 10543 | D:4      | Noticed a blizzard demon
 10552 | D:4      | Reached XP level 5. HP: 37/37 MP: 5/5
 10612 | D:5      | Entered Level 5 of the Dungeon
 10628 | D:5      | Reached skill level 1 in Shields
 10661 | D:5      | XOM: 4-stop teleportation journey
 10668 | D:5      | Reached skill level 4 in Stealth
 10682 | D:5      | Reached XP level 6. HP: 28/43 MP: 6/6
 10914 | D:5      | Found an ornate altar of the Wu Jian Council.
 11070 | D:5      | XOM: 1-stop teleportation journey
 11077 | D:5      | Reached skill level 5 in Short Blades
 11077 | D:5      | Reached XP level 7. HP: 41/48 MP: 7/7
 11127 | D:5      | XOM: summons 2 hostile shadow creatures
 11131 | D:5      | Reached skill level 5 in Stealth
 11256 | D:5      | XOM: summons friendly quasit
 11343 | D:5      | Found a sacrificial altar of Ru.
 11373 | D:5      | XOM: cloud trail
 11385 | D:5      | Found a hazy altar of Hepliaklqana.
 11629 | D:5      | Identified the +6 flail "Deull" {pain, Str+5}
 11796 | D:6      | XOM: divination: magic mapping
 11803 | D:6      | Reached skill level 6 in Stealth
 11803 | D:6      | Reached XP level 8. HP: 54/54 MP: 8/8
 11809 | D:6      | XOM: silly message
 11856 | D:6      | Reached skill level 7 in Stealth
 11974 | D:6      | XOM: divination: magic mapping
 12374 | D:6      | Reached skill level 8 in Stealth
 12532 | D:6      | Found a runed translucent door.
 12533 | D:6      | Noticed Crazy Yiuf
 12540 | D:6      | Killed Crazy Yiuf
 12608 | D:6      | XOM: give mutation
 12608 | D:6      | Lost mutation: You passively map a small area around you.
                  | [Xom's mischief]
 12627 | D:7      | Found an iron altar of Okawaru.
 12628 | D:7      | XOM: blink monster(s)
 12629 | D:7      | XOM: potion effect (attraction)
 12651 | D:7      | XOM: cast spell 'Discord'
 12652 | D:7      | Reached XP level 9. HP: 34/60 MP: 9/9
 12884 | D:7      | XOM: noise
 12913 | D:7      | Reached skill level 5 in Fighting
 12913 | D:7      | Reached skill level 9 in Stealth
 13140 | D:7      | Reached skill level 5 in Dodging
 13263 | D:7      | XOM: enchant monster (good)
 13321 | D:7      | XOM: 4-stop teleportation journey
 13495 | D:7      | You fall into a shaft and drop 2 floors!
 13514 | D:9      | XOM: enchant monster (good)
 13558 | D:9      | Noticed a manticore
 13560 | D:9      | Killed a manticore
 13561 | D:9      | Reached skill level 10 in Stealth
 13561 | D:9      | Reached skill level 5 in Shields
 13587 | D:9      | XOM: scenery: summon butterflies
 13640 | D:9      | XOM: cast spell 'Olgreb's Toxic Radiance'
 13643 | D:9      | XOM: summons 2 friendly demons
 13915 | D:7      | Found a blossoming altar of Fedhas.
 14092 | D:8      | Noticed Grum
 14096 | D:8      | Reached XP level 10. HP: 66/66 MP: 10/10
 14102 | D:8      | Killed Grum
 14189 | D:8      | Noticed a gargoyle
 14194 | D:8      | Killed a gargoyle
 14302 | D:8      | Noticed a two-headed ogre
 14302 | D:8      | XOM: god gift: pair of boots {god gift}
 14309 | D:8      | Killed a two-headed ogre
 14310 | D:8      | Reached skill level 11 in Stealth
 14323 | D:8      | Noticed a two-headed ogre
 14332 | D:8      | Killed a two-headed ogre
 14432 | D:8      | Noticed a two-headed ogre
 14440 | D:8      | XOM: summons 6 friendly demons
 14455 | D:8      | Killed a two-headed ogre
 14456 | D:8      | Reached skill level 12 in Stealth
 14456 | D:8      | Reached skill level 1 in Evocations
 14645 | D:8      | XOM: noise
 15154 | D:9      | Identified the +3 helmet of Tibbonni {Harm Slay+3}
 15234 | D:9      | Reached XP level 11. HP: 72/72 MP: 11/11
 15329 | D:9      | Found Fegaoj's Armour Shop.
 15466 | D:10     | Entered Level 10 of the Dungeon
 15526 | D:10     | Found a runed translucent gate.
 15528 | D:10     | Found a runed translucent gate.
 15529 | D:10     | Found a runed translucent gate.
 15752 | D:10     | Noticed Aneyh's ghost (novice TeMo)
 15778 | D:10     | XOM: blink monster(s)
 15833 | D:10     | Reached skill level 13 in Stealth
 16314 | D:11     | XOM: chaos cloud
 16321 | D:11     | a yak changed into a salamander
 16321 | D:11     | Noticed a salamander
 16511 | D:11     | XOM: enchant monster (bad)
 16512 | D:11     | XOM: enchant monster (bad)
 16846 | D:11     | Noticed Harold
 16869 | D:11     | Killed Harold
 16934 | D:11     | XOM: 1-stop teleportation journey
 16960 | D:11     | XOM: summons friendly white imp
 16961 | D:11     | XOM: polymorph white imp -> cerulean imp
 17002 | D:11     | a salamander changed into a culicivora
 17002 | D:11     | XOM: polymorph salamander -> culicivora
 17083 | D:11     | XOM: 1-stop teleportation journey
 17236 | D:11     | Noticed Nergalle
 17261 | D:11     | Killed Nergalle
 17449 | D:11     | XOM: summons 1 hostile shadow creature
 17494 | D:11     | Found a staircase to the Lair.
 17921 | Lair:1   | Entered Level 1 of the Lair of Beasts
 17937 | Lair:1   | Found a glowing silver altar of Zin.
 17961 | Lair:1   | XOM: summons friendly crimson imp
 17972 | Lair:1   | Reached skill level 5 in Evocations
 18002 | Lair:1   | XOM: destruction
 18015 | Lair:1   | XOM: summons 11 friendly demons
 18217 | D:11     | XOM: scenery: summon butterflies
 18255 | Lair:1   | XOM: god gift: scroll of enchant armour
 18306 | Lair:1   | Reached XP level 12. HP: 80/80 MP: 12/12
 18318 | Lair:1   | XOM: 1-stop teleportation journey
 18590 | Lair:1   | XOM: potion effect (haste)
 18592 | Lair:1   | XOM: enchant monster (good)
 18724 | Lair:1   | XOM is BORED!
 18724 | Lair:1   | XOM: noise
 19345 | Lair:2   | XOM: swap monsters
 19470 | Lair:2   | XOM: potion effect (brilliance)
 19475 | Lair:2   | XOM: summons 1 hostile demon
 19551 | Lair:2   | XOM: swap monsters
 19556 | Lair:2   | XOM: confusion
 19576 | Lair:2   | XOM: 1-stop teleportation journey
 19983 | Lair:2   | XOM: summons 4 hostile demons
 20101 | Lair:1   | XOM: summons 2 hostile shadow creatures
 20131 | Lair:2   | XOM: god gift: crooked smoking staff {god gift}
 20640 | Lair:2   | XOM: polymorph oklob plant -> wandering mushroom
 20752 | Lair:2   | Reached skill level 10 in Short Blades
 20778 | Lair:2   | Found a staircase to the Swamp.
 20784 | Lair:2   | Reached skill level 14 in Stealth
 20797 | Lair:2   | XOM: confuse monster(s)
 20802 | Lair:2   | XOM: enchant monster (bad)
 20868 | Lair:2   | XOM: god gift: 3 stones
 21162 | Lair:3   | XOM: cast spell 'Disjunction'
 21165 | Lair:3   | XOM: divination: detect items
 21179 | Lair:2   | XOM: divination: detect creatures
 21183 | Lair:2   | XOM: noise
 21345 | Lair:3   | XOM: 1-stop teleportation journey
 21434 | Lair:3   | XOM: 1-stop teleportation journey
 21488 | Lair:3   | XOM: 4-stop teleportation journey
 21502 | Lair:3   | Noticed a seven-headed hydra
 21528 | Lair:3   | Killed a seven-headed hydra
 21663 | Lair:3   | XOM: butterfly on damage
 21679 | Lair:3   | XOM: smoke on damage
 21685 | Lair:3   | XOM: divine lightning
 21723 | Lair:3   | XOM: enchant monster (good)
 21862 | Lair:3   | XOM: give mutations
 21862 | Lair:3   | Gained mutation: You possess an exceptional clarity of
                  | mind. [Xom's mischief]
 21862 | Lair:3   | Gained mutation: You are partially covered in iridescent
                  | scales. (AC +2) [Xom's mischief]
 21862 | Lair:3   | Lost mutation: You are partially covered in large bone
                  | plates. (SH +4) [Xom's mischief]
 21862 | Lair:3   | Gained mutation: You are dopey. (Int -2) [Xom's mischief]
 22217 | Lair:3   | XOM: confuse monster(s)
 22403 | Lair:3   | XOM: give mutation
 22403 | Lair:3   | Lost mutation: You are vulnerable to cold. (rC-) [Xom's
                  | mischief]
 22411 | Lair:3   | Found a staircase to the Snake Pit.
 22472 | Lair:3   | Reached XP level 13. HP: 86/86 MP: 13/13
 22481 | Lair:3   | Noticed Amaemon
 22499 | Lair:2   | XOM: noise
 22513 | Lair:2   | XOM: noise
 22545 | Lair:2   | XOM: polymorph elephant -> water nymph
 22735 | Lair:2   | XOM: chaos cloud
 22739 | Lair:2   | Paralysed by you for 2 turns
 23386 | Lair:3   | Identified the +0 robe of Feasting {rN+}
 23410 | Lair:3   | Identified the +6 falchion "Guiwycah" {flame, rElec rC-
                  | Dex+3}
 23650 | Lair:4   | Noticed Nessos
 23650 | Lair:4   | XOM: 2-stop teleportation journey
 23662 | Lair:4   | Killed Nessos
 23670 | Lair:4   | XOM: enchant monster (bad)
 23925 | Lair:4   | XOM: swap monsters
 23936 | Lair:4   | XOM: cast spell 'Alistair's Intoxication'
 23937 | Lair:4   | Reached skill level 10 in Dodging
 23949 | Lair:4   | Reached skill level 1 in Long Blades
 24202 | Lair:4   | XOM: divination: magic mapping
 24256 | Lair:4   | Reached skill level 15 in Stealth
 24258 | Lair:4   | XOM: noise
 24290 | Lair:4   | XOM: silly message
 24663 | Lair:4   | Found a staircase to the Slime Pits.
 24664 | Lair:4   | Found a viscous altar of Jiyva.
 24696 | Lair:4   | XOM: noise
 24916 | Lair:5   | Entered Level 5 of the Lair of Beasts
 24934 | Lair:3   | XOM: enchant monster (good)
 24939 | Lair:3   | XOM: enchant monster (bad)
 24948 | Lair:3   | Reached skill level 10 in Shields
 24962 | Lair:3   | XOM: cleaving
 25018 | Lair:3   | Identified the amulet of Fupet {Faith rF- rN+ Dex+2} (Xom
                  | gifted it to you on level 3 of the Lair of Beasts)
 25018 | Lair:3   | XOM: god gift: amulet of Fupet {Faith rF- rN+ Dex+2}
 25027 | Lair:3   | XOM: god gift: +5 ring of evasion
 25255 | Lair:4   | XOM: summons 7 hostile demons
 25270 | Lair:3   | XOM: fog
 25488 | D:12     | Found a glowing silver altar of Zin.
 25502 | D:12     | Found a gate leading to a gauntlet.
 25568 | D:12     | XOM: confuse monster(s)
 25580 | Gauntlet | Entered a Gauntlet
 25580 | Gauntlet | Found a transporter.
 25580 | Gauntlet | Found a transporter.
 25666 | Gauntlet | Found a transporter.
 25692 | Gauntlet | Found a transporter.
 25696 | Gauntlet | Found a transporter.
 25697 | Gauntlet | Found a transporter.
 25699 | Gauntlet | Found a transporter.
 25726 | Gauntlet | Found a transporter.
 25740 | Gauntlet | Found a transporter.
 25749 | Gauntlet | Found a transporter.
 25795 | Gauntlet | Found a transporter.
 25809 | Gauntlet | Found a transporter.
 25822 | Gauntlet | Found a transporter.
 25894 | Gauntlet | Found a transporter.
 25909 | Gauntlet | Found a transporter.
 25925 | Gauntlet | Found a transporter.
 26103 | Gauntlet | XOM: summons friendly iron imp
 26104 | Gauntlet | XOM: polymorph ice beast -> scorpion
 26197 | Gauntlet | XOM: fog
 26336 | Gauntlet | Gained mutation: Your spells are a little harder to cast,
                  | but a little more powerful. [a neqoxec]
 26339 | Gauntlet | Identified the ring of Ubriqi {*Slow rN+ rCorr MP+9 Str+5}
 26523 | Gauntlet | XOM: summons friendly quasit
 26524 | Gauntlet | XOM: scenery: summon butterflies
 26539 | Gauntlet | XOM: summons 2 friendly demons
 26550 | Gauntlet | XOM: cleaving
 26559 | Gauntlet | XOM: cloud trail
 26658 | Gauntlet | XOM: stat loss: -1 Int (9/11)
 26791 | Gauntlet | Noticed a minotaur
 26791 | Gauntlet | XOM: swap monsters
 26795 | Gauntlet | XOM: enchant monster (bad)
 26801 | Gauntlet | XOM: enchant monster (bad)
 26806 | Gauntlet | Killed a minotaur
 26944 | D:12     | Found a staircase to the Orcish Mines.
 27056 | D:12     | XOM: enchant monster (good)
 27199 | D:12     | Got the Opusculum on Conduction
 27261 | D:12     | XOM: noise
 27269 | D:12     | XOM: silly message
 27280 | D:12     | XOM: cast spell 'Summon Dragon'
 27292 | D:12     | XOM: chaos upgrade
 27498 | D:12     | Noticed an ettin
 27509 | D:12     | Killed an ettin
 27510 | D:12     | Reached XP level 14. HP: 36/94 MP: 14/14
 27515 | D:12     | XOM: summons friendly shadow imp
 27654 | D:11     | XOM: 1-stop teleportation journey
 28198 | D:12     | XOM: enchant monster (good)
 28239 | D:12     | Identified the +3 shortbow of Usoufoaj {heavy, Int+3}
 28483 | Orc:1    | Entered Level 1 of the Orcish Mines
 28541 | Orc:2    | Entered Level 2 of the Orcish Mines
 28598 | Orc:1    | XOM: silly message
 28711 | Orc:2    | Noticed Azrael
 28719 | Orc:1    | XOM: chaos upgrade
 28727 | Orc:1    | Killed from afar by Azrael

Illustrated notes

Levels and vault maps discovered:
D:1:      dreamdust_arrival_sigmund_warning, layout_basic
D:2:      layout_basic, basic_altar, grunt_ministairs_8
D:3:      layout_rooms, serial_shops,
          nicolae_shop_temple_entry_statues_fountains, basic_ecumenical_altar,
          minmay_quadrilaterals
D:4:      layout_rooms, makhleb_altar_promises_db, nicolae_tso_besieged_by_evil,
          minmay_temple_entry_crystal_x
D:5:      layout_basic, kennysheep_little_box,
          nicolae_hepliaklqana_monster_ancestors,
          nicolae_ru_the_path_less_chosen
D:6:      layout_loops_cross, minmay_liquid_box, fountainhead,
          columned_hall_lemuel, uniq_crazy_yiuf_cottage
D:7:      layout_rooms, mainiacjoe_overflow_tiny_flanked, fedhas_altar_4
D:8:      layout_layer_cave, uniq_grum
D:9:      layout_roguey, serial_shops, shop
D:10:     layout_basic, gammafunk_ghost_necromancy
D:11:     layout_stronghold, erik_lair_island, uniq_nergalle, uniq_harold
D:12:     minmay_shrinking_squares, layout_basic, hiddenorc1_lemuel,
          gauntlet_entry_generic, serial_undead, serial_undead_c,
          serial_undead_a, serial_undead_c, serial_undead_e,
          portal_ice_cave_entry_pillars_2, zin_academy
Lair:1:   layout_regular_city, basic_altar, serial_bayou_shore_b
Lair:2:   layout_regular_city, minmay_swamp_entry_swarm, lemuel_fruit_fields
Lair:3:   layout_layer_cave, minmay_snake_entry_guardpost_large, serial_bayou,
          serial_bayou_pond_c, serial_bayou_pond_d, serial_bayou_pond_d,
          serial_bayou_lagoon_a, serial_bayou_ford_a,
          infiniplex_staircase_pool_2, uniq_amaemon
Lair:4:   layout_hall_layers, slime_entry_1, minivault_23, uniq_nessos
Lair:5:   hangedman_lair_tendril_chambers, layout_cave_pods,
          guppyfry_lair_end_dragon
Orc:1:    minmay_goldmine, layout_diamond_mine, serial_shops, shop,
          lightli_orcish_oven
Orc:2:    grunt_orc_gardens, layout_caves, grunt_orc_garden, grunt_orc_garden,
          grunt_orc_garden, grunt_orc_garden, basic_altar,
          guppyfry_library_mini, uniq_saint_roka, uniq_azrael

Skill      XL: |  1  2  3  4  5  6  7  8  9 10 11 12 13 |
---------------+----------------------------------------+-----
Stealth        | 1 2 3 4 6 8 10 12 13 14 15 | 15.8
Short Blades   | 4 5 6 7 8 9 10 | 10.5
Dodging        | 3 4 6 7 8 9 10 | 10.9
Shields        | 1 2 3 4 5 6 7 9 11 | 11.2
Fighting       | 4 5 6 7 8 |  8.2
Evocations     | 2 5 7 9 |  9.3
Long Blades    | 1 |  1.3

Action                     |  1- 3 |  4- 6 |  7- 9 | 10-12 | 13-15 || total
---------------------------+-------+-------+-------+-------+-------++-------
  Melee: Short sword       |    59 |       |    36 |   455 |     2 ||   552
         Constrict         |    16 |    29 |    48 |    83 |    46 ||   222
         Tentacles         |    11 |    26 |    66 |   240 |   205 ||   548
         Kick              |    11 |    46 |    93 |   335 |   321 ||   806
         Dagger            |     6 |   107 |   177 |   251 |   599 ||  1140
         Punch             |       |     2 |     7 |    27 |    13 ||    49
         Falchion          |       |       |       |       |    32 ||    32
  Evoke: Wand              |       |       |       |    10 |     3 ||    13
    Use: Potion            |     1 |       |     2 |     6 |     7 ||    16
         Scroll            |       |     5 |     7 |     5 |    10 ||    27
   Stab: Sleeping          |     5 |     5 |     9 |    29 |     5 ||    53
         Distracted        |     1 |       |       |     2 |     1 ||     4
         Paralysed         |       |       |     1 |     1 |     2 ||     4
         Invisible         |       |       |       |     1 |     4 ||     5
         Confused          |       |       |       |     3 |     2 ||     5
         Petrified         |       |       |       |       |     2 ||     2
         Petrifying        |       |       |       |       |     1 ||     1
 Armour: Skin              |    16 |    18 |    46 |   139 |   177 ||   396
  Dodge: Dodged            |    39 |    48 |    95 |   253 |   414 ||   849
  Block: Other             |     4 |    32 |    55 |     3 |       ||    94
         Reflection        |     1 |     1 |     3 |     6 |    10 ||    21
         Buckler           |       |       |       |   345 |   330 ||   675

Table legend: (Time is in decaauts)
 A = Elapsed time spent in this place.
 B = Non-inter-level travel time spent in this place.
 C = Inter-level travel time spent in this place.
 D = Time resting spent in this place.
 E = Time spent auto-exploring this place.
 F = Levels seen in this place.
 G = Mean time per level.
                   A        B        C        D        E       F      G
               +--------+--------+--------+--------+--------+-----+--------+
         Total |  28035 |  27384 |    651 |  13573 |  10501 |  20 | 1401.8 |
       Dungeon |  19525 |  19105 |    420 |  10092 |   7062 |  12 | 1627.1 |
          Lair |   7067 |   6837 |    230 |   2873 |   3014 |   5 | 1413.4 |
  Orcish Mines |    226 |    226 |      0 |    110 |     41 |   2 |  113.0 |
      Gauntlet |   1215 |   1215 |      0 |    498 |    384 |   1 | 1215.0 |
               +--------+--------+--------+--------+--------+-----+--------+

Top non-repeatable levels by time:
     D:1: 8036 daAuts
  Lair:2: 2133 daAuts
    D:11: 2098 daAuts
  Lair:3: 1974 daAuts
  Lair:1: 1603 daAuts
     D:2: 1370 daAuts
  Lair:4: 1355 daAuts
    D:12: 1330 daAuts
     D:6: 1226 daAuts
Gauntlet: 1215 daAuts
     D:8: 1034 daAuts
     D:5: 1034 daAuts
     D:7: 862 daAuts
    D:10: 748 daAuts
     D:3: 694 daAuts
